TOP OF THE 1ST |
Billings Mustangs batting - Pitching for Fargo Brewmasters : RHP Nelson Martinez
|
Pitching: RHP Nelson Martinez
|
|
Batting: LHB Bob Bourne
|
0-0: Called Strike 0-1: SINGLE (Groundball, 34D)
|
Batting: LHB Juan Navarrete
|
0-0: Ball 1-0: Called Strike 1-1: Ball Passed Ball! Bob Bourne to second 2-1: Ground out 6-3 (Groundball, 56)
|
Batting: RHB Mark Hopper
|
0-0: Called Strike 0-1: Fly out, F8 (Flyball, 8LM)
|
Batting: LHB Pedro Giugino
|
0-0: Foul Ball, location: 2F 0-1: Fly out, F9 (Flyball, 89M)
|
Top of the 1st over - 0 runs, 1 hit, 0 errors, 1 left on base; Billings 0 - Fargo 0 |
BOTTOM OF THE 1ST |
Fargo Brewmasters batting - Pitching for Billings Mustangs : LHP Dave LaPoint
|
Pitching: LHP Dave LaPoint
|
|
Batting: RHB A.J. Hill
|
0-0: Ground out 6-3 (Groundball, 6)
|
Batting: RHB Will Puentes
|
0-0: Foul Ball, location: 2F 0-1: Ground out 6-3 (Groundball, 6MS)
|
Batting: RHB Larry Owen
|
0-0: SINGLE (Groundball, 56D)
|
Batting: RHB Bert Pena
|
0-0: Reached on error, E5 (Groundball, 56) Larry Owen to second
|
Batting: RHB Terry Bevington
|
0-0: Ball 1-0: Ground out 6-3 (Groundball, 6S)
|
Bottom of the 1st over - 0 runs, 1 hit, 1 error, 2 left on base; Billings 0 - Fargo 0 |
TOP OF THE 2ND |
Billings Mustangs batting - Pitching for Fargo Brewmasters : RHP Nelson Martinez
|
Batting: RHB Tony Quintana
|
0-0: Ball 1-0: Called Strike 1-1: Ball 2-1: Foul Ball, location: 2F 2-2: Ground out 4-3 (Groundball, 4)
|
Batting: LHB Tom Hester
|
0-0: Ball 1-0: Foul Ball, location: 2F 1-1: Foul Ball, location: 2F 1-2: Fly out, F9 (Flyball, 9LMF)
|
Batting: RHB James Murphy
|
0-0: TRIPLE (Flyball, 78XD)
|
Batting: LHB Stanley Davis
|
0-0: Ball 1-0: Ball 2-0: Ball 3-0: Base on Balls
|
Batting: RHB Michael Cash
|
0-0: Ball 1-0: Called Strike 1-1: Ball 2-1: Ball 3-1: Fly out, F9 (Flyball, 89M)
|
Top of the 2nd over - 0 runs, 1 hit, 0 errors, 2 left on base; Billings 0 - Fargo 0 |
BOTTOM OF THE 2ND |
Fargo Brewmasters batting - Pitching for Billings Mustangs : LHP Dave LaPoint
|
Batting: SHB Leslie Clark
|
0-0: Foul Ball, location: 2F 0-1: Ball 1-1: Ball 2-1: Ball 3-1: DOUBLE (Flyball, 78XD)
|
Batting: LHB Linwood Fisher
|
0-0: Ball 1-0: Swinging Strike 1-1: Ball 2-1: Swinging Strike 2-2: Strikes out looking
|
Batting: RHB Clyde Fink
|
0-0: Ball 1-0: Called Strike 1-1: Ground out 5-3 (Groundball, 56S)
|
Batting: RHB Michael Sherwood
|
0-0: Swinging Strike 0-1: Swinging Strike 0-2: SINGLE (Groundball, 34D) Leslie Clark to third Runner from 3rd tries for Home, SAFE, throw by RF to home
|
Batting: RHB A.J. Hill
|
0-0: Ball 1-0: Ground out 6-3 (Groundball, 6D)
|
Bottom of the 2nd over - 1 run, 2 hits, 0 errors, 1 left on base; Billings 0 - Fargo 1 |
TOP OF THE 3RD |
Billings Mustangs batting - Pitching for Fargo Brewmasters : RHP Nelson Martinez
|
Batting: LHB Bob Bourne
|
0-0: Foul Ball, location: 2F 0-1: Called Strike 0-2: Foul Ball, location: 2F 0-2: Foul Ball, location: 2F 0-2: Foul Ball, location: 2F 0-2: Ball 1-2: Strikes out swinging
|
Batting: LHB Juan Navarrete
|
0-0: Called Strike 0-1: Ground out 4-3 (Groundball, 4)
|
Batting: RHB Mark Hopper
|
0-0: Ball 1-0: Ball 2-0: Ball 3-0: Called Strike 3-1: Called Strike 3-2: Ground out 5-3 (Groundball, 56S)
|
Top of the 3rd over - 0 runs, 0 hits, 0 errors, 0 left on base; Billings 0 - Fargo 1 |
BOTTOM OF THE 3RD |
Fargo Brewmasters batting - Pitching for Billings Mustangs : LHP Dave LaPoint
|
Batting: RHB Will Puentes
|
0-0: Ball 1-0: Ball 2-0: Ground out 5-3 (Groundball, 56)
|
Batting: RHB Larry Owen
|
0-0: Ball 1-0: Called Strike 1-1: Fly out, F9 (Line Drive, 9)
|
Batting: RHB Bert Pena
|
0-0: Ball 1-0: Fly out, F8 (Flyball, 8RM)
|
Bottom of the 3rd over - 0 runs, 0 hits, 0 errors, 0 left on base; Billings 0 - Fargo 1 |
TOP OF THE 4TH |
Billings Mustangs batting - Pitching for Fargo Brewmasters : RHP Nelson Martinez
|
Batting: LHB Pedro Giugino
|
0-0: Called Strike 0-1: Ground out 6-3 (Groundball, 6)
|
Batting: RHB Tony Quintana
|
0-0: Ground out 5-3 (Groundball, 5S)
|
Batting: LHB Tom Hester
|
0-0: Foul Ball, location: 2F 0-1: Ball 1-1: Ball 2-1: Called Strike 2-2: Strikes out looking
|
Top of the 4th over - 0 runs, 0 hits, 0 errors, 0 left on base; Billings 0 - Fargo 1 |
BOTTOM OF THE 4TH |
Fargo Brewmasters batting - Pitching for Billings Mustangs : LHP Dave LaPoint
|
Batting: RHB Terry Bevington
|
0-0: Ball 1-0: Ball 2-0: Ball 3-0: Called Strike 3-1: Base on Balls
|
Batting: SHB Leslie Clark
|
0-0: Grounds into double play, 6-4-3 (Groundball, 6)
|
Batting: LHB Linwood Fisher
|
0-0: Called Strike 0-1: Foul Ball, location: 2F 0-2: Ball 1-2: Ball 2-2: Ground out 4-3 (Groundball, 4S)
|
Bottom of the 4th over - 0 runs, 0 hits, 0 errors, 0 left on base; Billings 0 - Fargo 1 |
TOP OF THE 5TH |
Billings Mustangs batting - Pitching for Fargo Brewmasters : RHP Nelson Martinez
|
Batting: RHB James Murphy
|
0-0: Ball 1-0: Hit by Pitch
|
Batting: LHB Stanley Davis
|
0-0: Ball 1-0: Called Strike 1-1: Called Strike 1-2: Grounds into double play, 4-6-3 (Groundball, 4)
|
Batting: RHB Michael Cash
|
0-0: Called Strike 0-1: Ball 1-1: Swinging Strike 1-2: Foul Ball, location: 2F 1-2: Foul Ball, location: 2F 1-2: Foul Ball, location: 2F 1-2: Strikes out swinging
|
Top of the 5th over - 0 runs, 0 hits, 0 errors, 0 left on base; Billings 0 - Fargo 1 |
BOTTOM OF THE 5TH |
Fargo Brewmasters batting - Pitching for Billings Mustangs : LHP Dave LaPoint
|
Batting: RHB Clyde Fink
|
0-0: Called Strike 0-1: Ball 1-1: Called Strike 1-2: Ground out 4-3 (Groundball, 4M)
|
Batting: RHB Michael Sherwood
|
0-0: Ball 1-0: Called Strike 1-1: Ground out 4-3 (Groundball, 4S)
|
Batting: RHB A.J. Hill
|
0-0: Ball 1-0: Fly out, F2 (Popup, 2RF)
|
Bottom of the 5th over - 0 runs, 0 hits, 0 errors, 0 left on base; Billings 0 - Fargo 1 |
TOP OF THE 6TH |
Billings Mustangs batting - Pitching for Fargo Brewmasters : RHP Nelson Martinez
|
Batting: LHB Bob Bourne
|
0-0: Ball 1-0: Ground out U3 (Groundball, 3S)
|
Batting: LHB Juan Navarrete
|
0-0: Called Strike 0-1: Bunt missed! 0-2: Ball 1-2: Ball 2-2: Fly out, F8 (Flyball, 8LD)
|
Batting: RHB Mark Hopper
|
0-0: Ball 1-0: Fly out, F8 (Flyball, 8LS)
|
Top of the 6th over - 0 runs, 0 hits, 0 errors, 0 left on base; Billings 0 - Fargo 1 |
BOTTOM OF THE 6TH |
Fargo Brewmasters batting - Pitching for Billings Mustangs : LHP Dave LaPoint
|
Batting: RHB Will Puentes
|
0-0: SINGLE (Groundball, 2L) (infield hit)
|
Batting: RHB Larry Owen
|
0-0: Called Strike 0-1: Swinging Strike 0-2: Ball 1-2: Foul Ball, location: 2F 1-2: Ball 2-2: Grounds into double play, 5-4-3 (Groundball, 56)
|
Batting: RHB Bert Pena
|
0-0: Called Strike 0-1: Foul Ball, location: 2F 0-2: Ball 1-2: Ground out 6-3 (Groundball, 6)
|
Bottom of the 6th over - 0 runs, 1 hit, 0 errors, 0 left on base; Billings 0 - Fargo 1 |
TOP OF THE 7TH |
Billings Mustangs batting - Pitching for Fargo Brewmasters : RHP Nelson Martinez
|
Batting: LHB Pedro Giugino
|
0-0: Ball 1-0: Ball 2-0: Ball 3-0: Base on Balls
|
Batting: RHB Tony Quintana
|
0-0: Ball 1-0: Ball 2-0: DOUBLE (Line Drive, 9LM) Pedro Giugino to third Runner from 3rd tries for Home, SAFE, throw by RF to home
|
Batting: LHB Tom Hester
|
0-0: Intentional Walk
|
Batting: RHB James Murphy
|
0-0: Ground out 3-1 (Groundball, 34S) Tony Quintana to third Tom Hester to second
|
Batting: LHB Stanley Davis
|
0-0: Intentional Walk
|
Batting: RHB Michael Cash
|
0-0: Ball 1-0: Ball 2-0: Called Strike 2-1: Fly out, F8 (Flyball, 8LS)
|
Batting: LHB Bob Bourne
|
0-0: Called Strike 0-1: SINGLE (Line Drive, 89S) Tony Quintana scores Tom Hester to third Stanley Davis to second Runner from 3rd tries for Home, SAFE, no throw by RF
|
Batting: LHB Juan Navarrete
|
0-0: Swinging Strike 0-1: Foul Ball, location: 2F 0-2: Ball 1-2: Fly out, F7 (Flyball, 7D)
|
Top of the 7th over - 3 runs, 2 hits, 0 errors, 2 left on base; Billings 3 - Fargo 1 |
BOTTOM OF THE 7TH |
Fargo Brewmasters batting - Pitching for Billings Mustangs : LHP Dave LaPoint
|
Batting: RHB Terry Bevington
|
0-0: Ball 1-0: Called Strike 1-1: Ball 2-1: Foul Ball, location: 2F 2-2: Fly out, F8 (Line Drive, 8LM)
|
Batting: SHB Leslie Clark
|
0-0: Called Strike 0-1: Fly out, F7 (Flyball, 78M)
|
Batting: LHB Linwood Fisher
|
0-0: Ball 1-0: Ball 2-0: Foul Ball, location: 2F 2-1: Fly out, F9 (Flyball, 9S)
|
Bottom of the 7th over - 0 runs, 0 hits, 0 errors, 0 left on base; Billings 3 - Fargo 1 |
TOP OF THE 8TH |
Billings Mustangs batting - Pitching for Fargo Brewmasters : RHP Nelson Martinez
|
Batting: RHB Mark Hopper
|
0-0: Foul Ball, location: 2F 0-1: Foul Ball, location: 2F 0-2: Ball 1-2: Ground out 6-3 (Groundball, 4MS)
|
Batting: LHB Pedro Giugino
|
0-0: Foul Ball, location: 2F 0-1: Foul Ball, location: 2F 0-2: SOLO HOME RUN (Flyball, 78XD), Distance : 413 ft
|
Batting: RHB Tony Quintana
|
0-0: Foul Ball, location: 2F 0-1: Ball 1-1: Called Strike 1-2: SINGLE (Line Drive, 9S)
|
Batting: LHB Tom Hester
|
0-0: Foul Ball, location: 2F 0-1: Ball 1-1: Foul Ball, location: 2F 1-2: Foul Ball, location: 2F 1-2: Ball 2-2: Ball 3-2: Foul Ball, location: 2F 3-2: Fly out, F9 (Flyball, 9LM)
|
Batting: RHB James Murphy
|
0-0: Ball 1-0: Called Strike 1-1: Foul Ball, location: 2F 1-2: Foul Ball, location: 2F 1-2: Ball 2-2: Ball 3-2: Fly out, F7 (Line Drive, 7)
|
Top of the 8th over - 1 run, 2 hits, 0 errors, 1 left on base; Billings 4 - Fargo 1 |
BOTTOM OF THE 8TH |
Fargo Brewmasters batting - Pitching for Billings Mustangs : LHP Dave LaPoint
|
Batting: RHB Clyde Fink
|
0-0: Called Strike 0-1: SINGLE (Groundball, 34D)
|
Batting: RHB Michael Sherwood
|
0-0: Ball 1-0: Ball 2-0: TRIPLE (Line Drive, 89XD) Clyde Fink scores
|
Pitching: RHP Joel Alvarez
|
|
Batting: RHB A.J. Hill
|
0-0: Ground out 4-3 (Groundball, 4)
|
Batting: RHB Will Puentes
|
0-0: Ball 1-0: Foul Ball, location: 2F 1-1: Ball 2-1: Ball 3-1: Foul Ball, location: 2F 3-2: 2-RUN HOME RUN (Flyball, 7D), Distance : 378 ft
|
Batting: RHB Larry Owen
|
0-0: Called Strike 0-1: Hit by Pitch
|
Pinch Runner at 1st Michael Kroll:
|
|
Batting: RHB Bert Pena
|
0-0: Ball 1-0: Fly out, F9 (Flyball, 9)
|
Batting: RHB Terry Bevington
|
0-0: Ball 1-0: Foul Ball, location: 2F 1-1: Foul Ball, location: 2F 1-2: Ball Wild Pitch! Michael Kroll to second 2-2: Ball 3-2: Base on Balls
|
Batting: SHB Leslie Clark
|
0-0: Ball 1-0: Foul Ball, location: 2F 1-1: Foul Ball, location: 2F 1-2: Ball 2-2: Ball 3-2: Foul Ball, location: 2F 3-2: Foul Ball, location: 2F 3-2: Ground out 3-1 (Groundball, 34)
|
Bottom of the 8th over - 3 runs, 3 hits, 0 errors, 2 left on base; Billings 4 - Fargo 4 |
TOP OF THE 9TH |
Billings Mustangs batting - Pitching for Fargo Brewmasters : RHP Nelson Martinez
|
Now at C: Michael Kroll
|
|
Batting: LHB Stanley Davis
|
0-0: Ball 1-0: Called Strike 1-1: Foul Ball, location: 2F 1-2: Fly out, F7 (Flyball, 7LMF)
|
Pitching: LHP Jorge Ortega
|
|
Batting: RHB Michael Cash
|
0-0: Ball 1-0: Called Strike 1-1: Fly out, F7 (Flyball, 7LD)
|
Batting: LHB Bob Bourne
|
0-0: Foul Ball, location: 2F 0-1: Ground out 6-3 (Groundball, 6)
|
Top of the 9th over - 0 runs, 0 hits, 0 errors, 0 left on base; Billings 4 - Fargo 4 |
BOTTOM OF THE 9TH |
Fargo Brewmasters batting - Pitching for Billings Mustangs : RHP Joel Alvarez
|
Pinch Hitting: RHB Jerome Register
|
0-0: Ball 1-0: Ball 2-0: Fly out, F7 (Line Drive, 7)
|
Pinch Hitting: SHB Edward Moore
|
0-0: Foul Ball, location: 2F 0-1: Ball 1-1: Ball 2-1: Foul Ball, location: 2F 2-2: Ball 3-2: Foul Ball, location: 2F 3-2: Ground out U3 (Groundball, 3)
|
Pinch Hitting: RHB James Passarielli
|
0-0: Called Strike 0-1: Ball 1-1: Called Strike 1-2: Ball 2-2: Strikes out swinging
|
Bottom of the 9th over - 0 runs, 0 hits, 0 errors, 0 left on base; Billings 4 - Fargo 4 |
TOP OF THE 10TH |
Billings Mustangs batting - Pitching for Fargo Brewmasters : LHP Jorge Ortega
|
Now at 1B: James Passarielli
|
|
Now at 2B: Edward Moore
|
|
Now in LF: Jerome Register
|
|
Pinch Hitting: RHB Lister Lespier
|
0-0: Ball 1-0: SINGLE (Line Drive, 56D)
|
Batting: RHB Mark Hopper
|
0-0: Ball 1-0: Foul Ball, location: 2F 1-1: Called Strike 1-2: Fly out, F6 (Popup, 15S)
|
Batting: LHB Pedro Giugino
|
0-0: Called Strike 0-1: Ball 1-1: 2-RUN HOME RUN (Flyball, 7D), Distance : 362 ft
|
Batting: RHB Tony Quintana
|
0-0: Called Strike 0-1: Ball 1-1: Ball 2-1: Ball 3-1: Swinging Strike 3-2: SINGLE (Flyball, 78M)
|
Batting: LHB Tom Hester
|
0-0: Called Strike 0-1: Ball Tony Quintana is caught stealing 2nd base 2-6 1-1: Called Strike 1-2: Strikes out swinging
|
Top of the 10th over - 2 runs, 3 hits, 0 errors, 0 left on base; Billings 6 - Fargo 4 |
BOTTOM OF THE 10TH |
Fargo Brewmasters batting - Pitching for Billings Mustangs : RHP Joel Alvarez
|
Pitching: RHP David Aloi
|
|
Now at 2B: Lister Lespier
|
|
Batting: RHB A.J. Hill
|
0-0: Called Strike 0-1: Ball 1-1: SINGLE (Line Drive, 9S)
|
Batting: RHB Will Puentes
|
0-0: Called Strike 0-1: Ball 1-1: Ball 2-1: Ball 3-1: Base on Balls A.J. Hill to second
|
Batting: RHB Michael Kroll
|
0-0: Called Strike 0-1: Ball 1-1: Ball 2-1: Foul Ball, location: 2F 2-2: Strikes out swinging
|
Pinch Hitting: RHB Roger Danson
|
0-0: Ball 1-0: Ball 2-0: Foul Ball, location: 2F 2-1: Swinging Strike 2-2: Foul Ball, location: 2F 2-2: DOUBLE (Flyball, 89D) A.J. Hill scores Will Puentes to third Runner from 3rd tries for Home, SAFE, throw by CF to trailing runner, OUT at third! 8-4-5
|
Batting: RHB Terry Bevington
|
0-0: Foul Ball, location: 2F 0-1: Ball 1-1: Ball 2-1: Foul Ball, location: 2F 2-2: Foul Ball, location: 2F 2-2: Ground out 5-3 (Groundball, 5)
|
Bottom of the 10th over - 2 runs, 2 hits, 0 errors, 0 left on base; Billings 6 - Fargo 6 |
TOP OF THE 11TH |
Billings Mustangs batting - Pitching for Fargo Brewmasters : LHP Jorge Ortega
|
Pitching: RHP Robert Pannell
|
|
Now at 3B: Roger Danson
|
|
Batting: RHB James Murphy
|
0-0: Called Strike 0-1: Swinging Strike 0-2: Foul Ball, location: 2F 0-2: Ball 1-2: Ball 2-2: SINGLE (Groundball, 56D)
|
Batting: LHB Stanley Davis
|
0-0: Foul Ball, location: 2F 0-1: Foul Ball, location: 2F 0-2: Ball 1-2: Reached on error, E6 (Groundball, 6) James Murphy to second
|
Pinch Runner at 2nd Pete Maropis:
|
|
Batting: RHB Michael Cash
|
0-0: Foul Ball, location: 2F 0-1: Ball Pete Maropis steals 3rd base Stanley Davis to second 1-1: Ball 2-1: Foul Ball, location: 2F 2-2: Foul Ball, location: 2F 2-2: Foul Ball, location: 2F 2-2: SINGLE (Groundball, 6D) Pete Maropis scores Stanley Davis to third
|
Batting: LHB Bob Bourne
|
0-0: Ball 1-0: Ball 2-0: Foul Ball, location: 2F 2-1: Foul Ball, location: 2F 2-2: Strikes out swinging
|
Batting: RHB Lister Lespier
|
0-0: Foul Ball, location: 2F 0-1: Ball 1-1: Foul Ball, location: 2F 1-2: Grounds into double play, 6-4-3 (Groundball, 6)
|
Top of the 11th over - 1 run, 2 hits, 1 error, 1 left on base; Billings 7 - Fargo 6 |
BOTTOM OF THE 11TH |
Fargo Brewmasters batting - Pitching for Billings Mustangs : RHP David Aloi
|
Now at C: Joseph Russell
|
|
Pinch Hitting: LHB James Greenwald
|
0-0: Foul Ball, location: 2F 0-1: Ground out 6-3 (Groundball, 6)
|
Batting: RHB Jerome Register
|
0-0: Called Strike 0-1: Called Strike 0-2: Strikes out swinging
|
Batting: SHB Edward Moore
|
0-0: Ball 1-0: Ball 2-0: Ball 3-0: Called Strike 3-1: Foul Ball, location: 2F 3-2: Ground out 4-3 (Groundball, 4)
|
Bottom of the 11th over - 0 runs, 0 hits, 0 errors, 0 left on base; Billings 7 - Fargo 6 |
|